 Dungeon Crawl Stone Soup version 0.31-a0-675-g238779eb0a (webtiles) character file.

Game seed: 5976792512397780188

72 qw the Shooter (level 4, -2/28 HPs)
             Began as a Gargoyle Hunter on Sept 5, 2023.
             Slain by a white imp (3 damage)
             ... on level 3 of the Dungeon.
             The game lasted 00:00:40 (1428 turns).

qw the Shooter (Gargoyle Hunter)                    Turns: 1428, Time: 00:00:40

Health: -2/28      AC:  8    Str: 15    XL:     4   Next: 25%
Magic:  4/4        EV: 11    Int:  9    God:
Gold:   160        SH:  0    Dex: 15    Spells: 3/3 levels left

rFire   . . .        Y - +0 shortbow
rCold   . . .        (shield currently unavailable)
rNeg    + . .        j - +0 ring mail
rPois   inf          (no helmet)
rElec   +            (no cloak)
rCorr   .            (no gloves)
SInv    .            (no boots)
Will    .....        (no amulet)
Stlth   +            (no ring)
HPRegen 0.24/turn    (no ring)
MPRegen 0.09/turn

%: no passive effects
@: about to teleport
A: sickness immunity, AC +3, negative energy resistance 1, electricity
resistance, torment resistance 1, petrification resistance
a: no special abilities


You were on level 3 of the Dungeon.
You visited 1 branch of the dungeon, and saw 3 of its levels.

You collected 160 gold pieces.


Innate Abilities, Weirdness & Mutations

You are immune to sickness and miasma.
Your stone body is resilient. (AC +3)
You are immune to poison.
You resist negative energy. (rN+)
You are resistant to electric shocks. (rElec)
You are resistant to unholy torment.
You are immune to petrification.


   Skills:
 - Level 3.0 Fighting
 + Level 5.1 Ranged Weapons
 - Level 1.0 Armour
 - Level 1.5 Dodging
 - Level 1.1 Stealth


You had 3 spell levels left.
You didn't know any spells.
Your spell library was empty.

Inventory:

Hand Weapons
 Y - a +0 shortbow (weapon)
Armour
 j - a +0 ring mail (worn)
Scrolls
 a - 2 scrolls of enchant weapon {unknown}
 b - a scroll of blinking {unknown}
 g - a scroll of teleportation
Potions
 c - a potion of heal wounds {unknown}
 d - a potion of enlightenment
 e - a potion of degeneration {unknown}
 f - a potion of magic {unknown}

Dungeon Overview and Level Annotations

Branches:
Dungeon (3/15)

Altars:

Shops:
D:1 (


Message History

Deactivating autopickup; reactivate with Ctrl-A.
The orc shouts!
You shoot an arrow.
The arrow hits the white imp but does no damage.
The white imp is heavily wounded.
The white imp hits you but does no damage.
Something hits you but does no damage.
You hear some strange, mumbled words.
A magic dart appears from out of thin air!
The magic dart hits you.
The white imp hits you but does no damage.
You shoot an arrow. The arrow hits the white imp.
The white imp is severely wounded.
The white imp closely misses you.
You hear some strange, mumbled words.
A magic dart appears from out of thin air!
The magic dart hits you!
You shoot an arrow. The arrow hits the white imp.
The white imp is severely wounded.
An orc comes into view. It is wielding a +0 dagger.
The white imp hits you but does no damage.
You hear some strange, mumbled words.
A magic dart appears from out of thin air!
The magic dart hits you.
You shoot an arrow. The arrow closely misses the white imp.
The white imp shouts, "Go and return not, thou reeling-ripe toad-spotted fustilarian!"
The white imp hits you. The white imp freezes you. Something hits you.
1427 ||| READING 2 scrolls of teleportation.
As you read the scroll of teleportation, it crumbles to dust.
You feel strangely unstable.
The white imp hits you but does no damage.
An orc comes into view. It is wielding a +0 dagger.
Something hits you.
You shoot an arrow.
The arrow hits the white imp but does no damage.
The white imp is severely wounded.
The white imp closely misses you. The orc hits you with a +0 dagger.
Something hits you but does no damage. The white imp hits you.
The white imp freezes you.
You die...

########...
.........o##+#
...........#.#
........o..#.#
...........#.#
...........#.#
.......{o....###### #.
.......@..........#####.
......5#'#........#<....
##.#.#.#.#........#.....
# #.#.#........#.....
#.#.#........#.....
#.#.#........#.....
#.#.......)........
#.################. #.


You could see a white imp and 3 orcs.

Vanquished Creatures
  An adder (D:2)
  3 worms
  A dart slug (D:2)
  5 endoplasms
  A giant cockroach (D:2)
  3 goblins
  7 hobgoblins
  2 jackals (D:2)
  5 quokkas
  3 ball pythons
  4 bats
  2 frilled lizards (D:1)
  6 kobolds
  5 rats
48 creatures vanquished.

Notes
Turn   | Place    | Note
-------+----------+-------------------------------------------
     0 | D:1      | qw the Gargoyle Hunter began the quest for the Orb.
     0 | D:1      | Reached XP level 1. HP: 12/12 MP: 1/1
     0 | D:1      | 0 ||| qw: Version: 0.3-a-75-g829b12e
     0 | D:1      | 0 ||| qw: Game counter: 201
     0 | D:1      | 0 ||| qw: Melee chars always use a shield: true
     0 | D:1      | 0 ||| qw: God list: Okawaru
     0 | D:1      | 0 ||| qw: Allow faded altars: false
     0 | D:1      | 0 ||| qw: Do Orc after clearing Dungeon:15 true
     0 | D:1      | 0 ||| qw: Do second Lair branch before Depths: true
     0 | D:1      | 0 ||| qw: Lair rune preference: random
     0 | D:1      | 0 ||| qw: Goals: Normal
     0 | D:1      | 0 ||| PLANNING D:1-11
    41 | D:1      | Reached XP level 2. HP: 17/17 MP: 2/2
   177 | D:1      | Found Enoc's Weapon Shoppe.
   278 | D:1      | Reached XP level 3. HP: 21/21 MP: 3/3
   372 | D:1      | 372 ||| UPGRADING to +0 ring mail.
   382 | D:1      | 382 ||| DROPPING +0 leather armour.
   383 | D:1      | 383 ||| READING scroll labelled HEBLIQ NESOPO.
   384 | D:1      | 384 ||| READING 2 scrolls labelled EBEGIO DOALES.
   388 | D:1      | 388 ||| READING scroll labelled FEDWUWNOSE.
   389 | D:1      | 389 ||| DRINKING 2 lumpy brown potions.
   390 | D:1      | 390 ||| DROPPING scroll of butterflies.
   620 | D:2      | Reached skill level 1 in Armour
   767 | D:2      | Reached skill level 5 in Ranged Weapons
  1008 | D:2      | Reached XP level 4. HP: 27/27 MP: 4/4
  1074 | D:2      | Reached skill level 3 in Fighting
  1221 | D:2      | 1221 ||| READING scroll labelled GIATO SAURO.
  1222 | D:2      | 1222 ||| READING scroll labelled ISKAOWYROO.
  1223 | D:2      | 1223 ||| DRINKING 2 silvery potions.
  1421 | D:3      | 1421 ||| DRINKING potion of curing.
  1421 | D:3      | 1421 ||| (to cure confusion)
  1426 | D:3      | HP: 6/28 [white imp (4)]
  1427 | D:3      | 1427 ||| READING 2 scrolls of teleportation.
  1428 | D:3      | HP: 2/28 [orc/+0 dagger (1)]
  1428 | D:3      | Slain by a white imp

Levels and vault maps discovered:
D:1:      evilmike_arrival_plus, layout_rooms, serial_shops, shop,
          minmay_tiny_reverse_x
D:2:      layout_loops_cross, chequers_serial_rivers_small_3
D:3:      layout_basic, nicolae_ecumenical_snake_handling, uniq_grinder

Skill      XL: |  1  2  3  4 |
---------------+-------------+-----
Armour         | 1 |  1.0
Ranged Weapons | 5 |  5.1
Fighting       | 3 |  3.0
Dodging        | |  1.5
Stealth        | |  1.1

Action                     |  1- 3 |  4- 6 || total
---------------------------+-------+-------++-------
   Fire: Shortbow          |   117 |    52 ||   169
    Use: Scroll            |     3 |     3 ||     6
         Potion            |     1 |     2 ||     3
 Armour: Leather armour    |    11 |       ||    11
         Ring mail         |    21 |    29 ||    50
  Dodge: Dodged            |    20 |    12 ||    32

Table legend:
 A = Non-vault XP
 B = Vault XP
 C = Vault XP percentage of total XP
 D = Non-vault monster count
 E = Vault monster count
 F = Vault count percentage of total count
                 A         B        C        D         E       F
            +---------+---------+-------+---------+---------+-------
      Total |     100 |       3 |   2.9 |      46 |       2 |   4.2
            +---------+---------+-------+---------+---------+-------
        D:1 |      34 |       3 |   8.1 |      21 |       2 |   8.7
        D:2 |      54 |       0 |   0.0 |      20 |       0 |   0.0
        D:3 |      12 |       0 |   0.0 |       5 |       0 |   0.0
            +---------+---------+-------+---------+---------+-------
